 Dungeon Crawl Stone Soup version 0.29-a0-356-g7bc237e783 (webtiles) character file.

Game seed: 12011064736262407838

453 spaghetti the Ruffian (level 6, -1/72 HPs)
             Began as a Demonspawn Berserker on Apr 26, 2022.
             Was a Believer of Trog.
             Slain by a lemure (8 damage)
             ... led by Pikel
             ... on level 4 of the Dungeon.
             The game lasted 00:05:47 (4391 turns).

spaghetti the Ruffian (Demonspawn Berserker)        Turns: 4391, Time: 00:05:47

Health: -1/72      AC:  8    Str: 17    XL:     6   Next: 75%
Magic:  6/6        EV: 12    Int: 15    God:    Trog [**....]
Gold:   124        SH:  0    Dex: 12    Spells: 5/5 levels left

rFire   . . .      SeeInvis .     - Unarmed
rCold   x . .      Faith    .   (no shield)
rNeg    + . .      Spirit   .   y - +3 leather armour of Gehenna {+Blink rC- rN+ rCorr}
rPois   .          Reflect  .   r - +0 helmet
rElec   .          Harm     .   B - +0 cloak
rCorr   +          Rampage  .   (no gloves)
Will    +++..                   (no boots)
Stlth   ..........              s - amulet of regeneration {@e2}
HPRegen 2.02/turn               b - ring of willpower
MPRegen 0.10/turn               (no ring)

@: berserking (expiring), strong-willed, regenerating, very quick
A: demonic guardian 2, powered by pain 1, big brain 2
a: Renounce Religion, Evoke Blink, Berserk, Trog's Hand


You were on level 4 of the Dungeon.
You worshipped Trog.
Trog was pleased with you.
You visited 1 branch of the dungeon, and saw 4 of its levels.

You collected 124 gold pieces.


Innate Abilities, Weirdness & Mutations

A demonic guardian rushes to your aid.
You sometimes gain a little power by taking damage.
You have an extremely huge brain. (Int +4)


   Skills:
 + Level 4.0 Fighting
 * Level 2.9 Throwing
 + Level 3.0 Armour
 + Level 3.0 Dodging
 * Level 4.4 Unarmed Combat


You had 5 spell levels left.
You didn't know any spells.
Your spell library contained the following spells:

 Spells                   Type           Power      Damage    Failure   Level
 Ensorcelled Hibernation  Hex/Ice        0%         N/A       43%         2
 Passwall                 Tmut/Erth      0%         N/A       43%         2
 Swiftness                Air            0%         N/A       67%         3

Inventory:

Hand Weapons
 d - a +0 hand axe {axe}
   (You found it on level 1 of the Dungeon)
Missiles
 f - 108 stones (quivered) {throwing}
 m - a throwing net {=f!fthrowing}
 u - 5 boomerangs {throwing}
 v - 2 poisoned darts {throwing}
Armour
 a - a +0 animal skin
 r - a +0 helmet (worn)
   (You took it off Robin on level 2 of the Dungeon)
 y - the +3 leather armour of Gehenna (worn) {+Blink rC- rN+ rCorr}
   (You found it on level 3 of the Dungeon)

   rC:        It makes you vulnerable to cold.
   rN:        It protects you from negative energy.
   +Blink:    It lets you blink.
   rCorr:     It protects you from acid and corrosion.
 B - a +0 cloak (worn)
   (You took it off Crazy Yiuf on level 3 of the Dungeon)
Jewellery
 b - a ring of willpower (left hand)
   (You found it on level 1 of the Dungeon)
 o - an amulet of reflection
   (You took it off a kobold on level 2 of the Dungeon)
 s - an amulet of regeneration (around neck) {@e2}
   (You found it on level 3 of the Dungeon)
 t - a ring of ice
   (You found it on level 3 of the Dungeon)
Scrolls
 h - a scroll of silence {unknown}
 i - 2 scrolls of magic mapping {unknown}
 l - a scroll of vulnerability {unknown}
 n - 4 scrolls of identify {unknown}
 q - a scroll of amnesia {unknown}
 w - a scroll of enchant armour {unknown}
 z - a scroll of torment {unknown}
Potions
 c - a potion of invisibility {unknown}
 e - 2 potions of heal wounds {unknown}
 g - a potion of curing {unknown}
 j - a potion of might {unknown}
 k - a potion of haste {unknown}
 p - a potion of degeneration {unknown}
 x - a potion of lignification {unknown}
 A - a potion of magic {unknown}

Dungeon Overview and Level Annotations

Branches:
Dungeon (4/15)
 Temple: D:4-7

Altars:
Gozag
Nemelex Xobeh

Shops:
D:2 [

Annotations:
D:4 Pikel

##... .... .#
#... #### ..#
... #....
...##..###.....
.....#.........
.......o.......
#...5K5...#
####5@5...#..
.####4.......##
.......<......#
...............
.......#.......
....... .......
..#...# .......
.##... .......
#.## .......


You could see Pikel, 4 lemures, an orc and a friendly orange demon (summoned).


Message History

You take 5 damage, and now have 40/48 hp.
You barely miss Pikel. Pikel closely misses you. The lemure barely misses you.
The lemure hits you. The lemure hits you but does no damage.
Unknown command. 😕 HP[-3]
You take 3 damage, and now have 37/48 hp.
Unknown command.
You closely miss Pikel.
Pikel hits you with a +1 whip of flaming!
Pikel burns you. The lemure barely misses you.
The lemure hits you but does no damage. The lemure closely misses you.
The lemure hits you but does no damage. 😮 HP[-7]
You take 7 damage, and now have 30/48 hp.
Unknown command.
Unknown command.
You hit Pikel but do no damage. Pikel hits you but does no damage.
The lemure barely misses you. The lemure hits you!
* * * LOW HITPOINT WARNING * * *
The lemure hits you but does no damage. The lemure hits you.
* * * LOW HITPOINT WARNING * * *
😨 HP[-11]
You take 11 damage, and now have 19/48 hp.
MASSIVE DAMAGE!! (PAUSE) Unknown command.
Your skin crawls.
You feel strong-willed.
You recover from your berserk rage.
The lemure hits you but does no damage. The lemure hits you.
* * * LOW HITPOINT WARNING * * *
The lemure closely misses you. Pikel closely misses you. The lemure hits you.
* * * LOW HITPOINT WARNING * * *
😨 HP[-2]
You take 2 damage, and now have 17/48 hp.
Unknown command. 😨 HP[+2]
You regained 2 hp, and now have 19/48 hp.
A red film seems to cover your vision as you go berserk!
You feel yourself moving faster!
You feel mighty! The lemure closely misses you.
Pikel hits you with a +1 whip of flaming.
* * * LOW HITPOINT WARNING * * *
Pikel burns you.
* * * LOW HITPOINT WARNING * * *
The lemure closely misses you. 😨 HP[+10]
You now have 72 max hp (+24).
You regained 10 hp, and now have 29/72 hp.
You closely miss Pikel. 😨 HP[+1]
You closely miss Pikel.
Pikel hits you with a +1 whip of flaming.
* * * LOW HITPOINT WARNING * * *
Pikel burns you.
* * * LOW HITPOINT WARNING * * *
The lemure hits you.
* * * LOW HITPOINT WARNING * * *
The lemure completely misses you. The lemure hits you.
* * * LOW HITPOINT WARNING * * *
The lemure misses you. 😨 HP[-7]
You take 7 damage, and now have 23/72 hp.
You closely miss Pikel. 😨 HP[+1]
You hit Pikel. Pikel hits you but does no damage.
The lemure closely misses you. The lemure barely misses you.
The lemure hits you.
* * * LOW HITPOINT WARNING * * *
The lemure hits you.
* * * LOW HITPOINT WARNING * * *
😨 HP[-5]
You take 5 damage, and now have 19/72 hp.
You barely miss Pikel. 😨 HP[+1]
You closely miss Pikel. Pikel barely misses you. The lemure barely misses you.
The lemure hits you.
* * * LOW HITPOINT WARNING * * *
The lemure misses you.
The lemure completely misses you. 😨 HP[-1]
You take 1 damage, and now have 19/72 hp.
You hit Pikel. 😨 HP[+1]
You punch Pikel! Pikel barely misses you. The lemure hits you.
* * * LOW HITPOINT WARNING * * *
The lemure barely misses you. The lemure closely misses you.
The lemure hits you.
* * * LOW HITPOINT WARNING * * *
A demonic guardian appears! 😱 HP[-9]
You take 9 damage, and now have 11/72 hp.
Unknown command.
Unknown command.
You barely miss Pikel.
Pikel hits you with a +1 whip of flaming.
* * * LOW HITPOINT WARNING * * *
Pikel burns you.
* * * LOW HITPOINT WARNING * * *
The lemure hits you.
* * * LOW HITPOINT WARNING * * *
The lemure hits you!
You die...

Skill      XL: |  1  2  3  4  5  6 |
---------------+-------------------+-----
Armour         | 2 3 |  3.0
Dodging        | 2 3 |  3.0
Unarmed Combat | 3 4 |  4.4
Throwing       | 1 2 |  2.9
Fighting       | 4 |  4.0

Action                   |  1- 3 |  4- 6 || total
-------------------------+-------+-------++-------
Melee: Unarmed           |   130 |   184 ||   314
       Punch             |     4 |     8 ||    12
Throw: Stone             |    10 |       ||    10
Invok: Berserk           |     2 |     6 ||     8
       Trog's Hand       |       |     1 ||     1
 Stab: Sleeping          |     3 |       ||     3
Armor: Animal skin       |    12 |    21 ||    33
       Leather armour    |       |    26 ||    26
Dodge: Dodged            |    66 |   100 ||   166

Levels and vault maps discovered:
D:1:      sevenhm_arrival_forest_fort_small_6, layout_loops_ring, serial_forest,
          infiniplex_forest_straight_4, infiniplex_forest_join,
          infiniplex_forest_zigzag_1, infiniplex_forest_straight_1,
          infiniplex_forest_lined_3, infiniplex_forest_3_way,
          infiniplex_forest_clump_long, infiniplex_forest_clump_medium,
          infiniplex_forest_side_room, infiniplex_forest_end_1
D:2:      cheibrodos_helix_gallery, layout_loops_corners, serial_shops,
          nicolae_shop_hallway_stairs, uniq_jessica
D:3:      layout_loops_cross, nicolae_gozag_seed_capital,
          basic_ecumenical_altar, uniq_grinder, uniq_crazy_yiuf_cottage,
          uniq_robin
D:4:      layout_cave_pools, nicolae_overflow_hidden_temple, temple_hall,
          uniq_pikel

Notes
Turn   | Place    | Note
-------+----------+-------------------------------------------
     0 | D:1      | spaghetti the Demonspawn Berserker began the quest for the
                  | Orb.
     0 | D:1      | Reached XP level 1. HP: 18/18 MP: 1/1
     0 | D:1      | magus.rc [v1.9.6]
     1 | D:1      | Found a sparkling altar of Nemelex Xobeh.
   451 | D:1      | Reached skill level 2 in Armour
   451 | D:1      | Reached skill level 2 in Dodging
   451 | D:1      | Reached skill level 3 in Unarmed Combat
   451 | D:1      | Gained mutation: You have an unusually large brain. (Int
                  | +2) [demonic ancestry]
   451 | D:1      | Reached XP level 2. HP: 17/24 MP: 2/2
  1367 | D:2      | Gained mutation: You have an extremely huge brain. (Int +4)
                  | [demonic ancestry]
  1367 | D:2      | Reached XP level 3. HP: 20/29 MP: 3/3
  1915 | D:2      | Found Vazapapt's Antique Armour Shop.
  2404 | D:2      | Noticed Jessica
  2413 | D:2      | Killed Jessica
  2414 | D:2      | Reached skill level 1 in Throwing
  2414 | D:2      | Gained mutation: You sometimes gain a little power by
                  | taking damage. [demonic ancestry]
  2414 | D:2      | Reached XP level 4. HP: 29/35 MP: 4/4
  3043 | D:3      | Noticed Robin
  3052 | D:2      | Killed Robin
  3154 | D:2      | Reached ** piety under Trog
  3773 | D:3      | Found an opulent altar of Gozag.
  3850 | D:3      | You pick up a book of Burglary {forbidden} and begin
                  | reading...
  3850 | D:3      | You add the spells Passwall, Ensorcelled Hibernation and
                  | Swiftness to your library.
  3928 | D:3      | Identified the +3 leather armour of Gehenna {+Blink rC- rN+
                  | rCorr}
  3935 | D:3      | Found a faded altar of an unknown god.
  3972 | D:3      | Noticed Grinder
  3996 | D:3      | Killed Grinder
  3997 | D:3      | Reached skill level 2 in Throwing
  3997 | D:3      | Reached skill level 4 in Unarmed Combat
  3997 | D:3      | Gained mutation: A weak demonic guardian rushes to your
                  | aid. [demonic ancestry]
  3997 | D:3      | Reached XP level 5. HP: 22/42 MP: 5/5
  3997 | D:3      | Gained mutation: A demonic guardian rushes to your aid.
                  | [demonic ancestry]
  3997 | D:3      | Reached XP level 6. HP: 26/48 MP: 6/6
  4112 | D:3      | Reached skill level 4 in Fighting
  4140 | D:3      | Reached skill level 3 in Dodging
  4317 | D:3      | Found a runed translucent door.
  4318 | D:3      | Noticed Crazy Yiuf
  4324 | D:3      | Killed Crazy Yiuf
  4325 | D:3      | Reached skill level 3 in Armour
  4367 | D:4      | Noticed Pikel
  4390 | D:4      | HP: 17/72 [lemure[Pikel] (4)]
  4391 | D:4      | HP: 7/72 [lemure[Pikel] (2)]
  4391 | D:4      | Slain by a lemure

Vanquished Creatures
  Grinder (D:3)
  A phantom (D:3)
  Jessica (D:2)
  An orc wizard (D:3)
  Robin (D:2)
  An adder (D:3)
  A gnoll (D:1)
  A worm (D:2)
  2 dart slugs
  7 orcs
  5 bats
  7 endoplasms
  2 giant cockroaches (D:1)
  12 goblins
  5 hobgoblins
  4 quokkas
  4 ball pythons
  3 frilled lizards
  9 kobolds
  6 rats
74 creatures vanquished.

Vanquished Creatures (collateral kills)
  Crazy Yiuf (D:3)
1 creature vanquished.

Vanquished Creatures (others)
  11 plants (D:1)
11 creatures vanquished.

Grand Total: 86 creatures vanquished

Table legend:
 A = Non-vault XP
 B = Vault XP
 C = Vault XP percentage of total XP
 D = Non-vault monster count
 E = Vault monster count
 F = Vault count percentage of total count
                 A         B        C        D         E       F
            +---------+---------+-------+---------+---------+-------
      Total |     272 |     376 |  58.0 |      59 |      16 |  21.3
            +---------+---------+-------+---------+---------+-------
        D:1 |      38 |       0 |   0.0 |      18 |       0 |   0.0
        D:2 |      50 |      71 |  58.7 |      25 |      13 |  34.2
        D:3 |     184 |     305 |  62.4 |      16 |       3 |  15.8
            +---------+---------+-------+---------+---------+-------

Illustrated notes

Table legend:
 A = Kills in this place as a percentage of kills in entire the game.
 B = Kills by you in this place as a percentage of kills by you in the entire game.
 C = Kills by friends in this place as a percentage of kills by friends in the entire game.
 D = Other kills in this place as a percentage of other kills in the entire game.
 E = Experience gained in this place as a percentage of experience gained in the entire game.
 F = Experience gained in this place divided by the number of levels of this place that you have seen.
                   A       B       C       D       E      F
               +-------+-------+-------+-------+-------+----------------------
         Total | 100.0 | 100.0 | 100.0 |   N/A | 100.0 | 162.0
       Dungeon | 100.0 | 100.0 | 100.0 |   N/A | 100.0 | 162.0
               +-------+-------+-------+-------+-------+----------------------

Table legend: (Time is in decaauts)
 A = Elapsed time spent in this place.
 B = Non-inter-level travel time spent in this place.
 C = Inter-level travel time spent in this place.
 D = Time resting spent in this place.
 E = Time spent auto-exploring this place.
 F = Levels seen in this place.
 G = Mean time per level.
                   A        B        C        D        E       F      G
               +--------+--------+--------+--------+--------+-----+--------+
         Total |   4438 |   4367 |     71 |    761 |   3005 |   4 | 1109.5 |
       Dungeon |   4438 |   4367 |     71 |    761 |   3005 |   4 | 1109.5 |
               +--------+--------+--------+--------+--------+-----+--------+

Top non-repeatable levels by time:
     D:2: 2058 daAuts
     D:1: 1351 daAuts
     D:3: 1007 daAuts
     D:4: 21 daAuts
